AoeStats
← Superfede2012

Arena

507803167Analyzed
1v1 RM · 1mo ago on Sep 19, 2026· 48m 43s· 2 players
Game mode
Random Map
Map size
Tiny (2 player)
Population
200
Speed
Normal
Resources
Standard
Victory
Conquest
Starting age
Dark Age
Ending age
Imperial Age
RankedLock teamsTeams togetherTeam positionsShared explorationLock speedFull tech treeHidden civsTurbo modeCheats
Victory
Defeat
🇩🇪 Byzantines · Germany
77
+21
vs
🇮🇹 Italians · Italy
196
-21
djangouncut
11:55 Feudal Age
11:51 Loom
13:33 Horse Collar
13:42 Double-Bit Axe
14:27 Gold Mining
17:33 Fletching
17:45 Padded Archer Armor
19:24 Forging
19:16 Scale Mail Armor
23:20 Castle Age
22:53 Scale Barding Armor
24:52 Husbandry
24:13 Light Cavalry
26:22 Chain Barding Armor
34:40 Imperial Age
33:26 Ballistics
34:07 Gold Shaft Mining
35:56 Iron Casting
35:37 Chain Mail Armor
37:30 Heavy Camel Rider
38:24 Stone Mining
39:22 Capped Ram
43:29 Plate Barding Armor
49:04 Chemistry
Superfede2012
0:46 Loom
12:05 Feudal Age
14:55 Horse Collar
15:04 Double-Bit Axe
15:17 Gold Mining
17:22 Wheelbarrow
16:39 Town Watch
23:02 Castle Age
21:11 Stone Mining
24:11 Bow Saw
24:06 Heavy Plow
24:44 Stone Shaft Mining
24:56 Hand Cart
25:31 Husbandry
29:19 Squires
31:23 Forging
31:19 Scale Barding Armor
38:46 Imperial Age
37:30 Fletching
39:18 Murder Holes
39:34 Masonry
39:46 Ballistics
39:45 Thumb Ring
39:00 Crossbowman
43:04 Chemistry
42:28 Padded Archer Armor
45:44 Arbalester
47:20 Architecture
47:03 Fortified Wall
Connection lost

Rejoining the realm…

Still unreachable

The connection could not be restored.

Session expired

The server has moved on; the page needs a fresh start.